 Dungeon Sprint DCSS version 0.17-a0-1446-gc28613e (webtiles) character file.

10282 pulse the Fencer (level 11, -7/107 HPs)
             Began as a Hill Orc Fighter on June 28, 2015.
             Was the Champion of Qazlal.
             Killed from afar by an ancient lich (49 damage)
             ... with a crystal spear
             ... in the Dungeon (Sprint V: "Ziggurat Sprint").
             The game lasted 00:14:35 (2073 turns).

pulse the Fencer (Hill Orc Fighter)                 Turns: 2073, Time: 00:14:35

Health: -7/107     AC: 27    Str: 33    XL:     11   Next: 59%
Magic:  8/9        EV: 10    Int: 12    God:    Qazlal [******]
Gold:   0          SH: 26    Dex: 15    Spells: 0 memorised, 10 levels left

rFire  . . .     SeeInvis .     M - +10 falchion "Yfra" {speed, Str+4}
rCold  + + .     Clarity  .     W - +6 ice dragon armour "Boedamec" {rF- rC++ MR+ Stlth+}
rNeg   . . .     SustAt   .     S - +3 shield
rPois  +         Gourm    .     (no helmet)
rElec  .         Spirit   .     (no cloak)
rCorr  .         Warding  .     (no gloves)
rMut   .         NoTele   +     Z - +1 pair of boots {Fly}
MR     +....                    I - amulet "Mogrerid" {+Blink +Rage rPois rF++ MP-9}
Stlth  +.........               J - +6 ring of strength
                                K - ring of Roniuves {rF- AC+2 Int+4 Dex+5 Stlth+}

@: protected from physical damage, flying, repel missiles, somewhat resistant to
hostile enchantments, very unstealthy
A: no striking features
a: Upheaval, Elemental Force, Disaster Area, Renounce Religion, Evoke Blink,
Evoke Berserk Rage, Stop Flying


You were in the Dungeon.
You worshipped Qazlal.
Qazlal was exalted by your worship.
You were not hungry.

You visited 1 branch

Inventory:

Hand weapons
 M - the +10 falchion "Yfra" (weapon) {speed, Str+4}
   (You found it in the Dungeon)

   Attacks with this weapon are significantly faster.
   It affects your strength (+4).
 O - the +14 plutonium sword {*Contam Stlth-}
   (You found it in the Dungeon)

   It causes magical contamination when unequipped.
   It makes you less stealthy.
 Q - the +9 lance "Wyrmbane" {slay drac, +Rage rPois rF+ AC+5}
   (You found it in the Dungeon)

   It affects your AC (+5).
   It protects you from fire.
   It protects you from poison.
   It lets you go berserk.
Armour
 l - a +5 crystal plate armour
 m - a +5 gold dragon armour
 R - a +3 large shield
 S - a +3 shield (worn)
 W - the +6 ice dragon armour "Boedamec" (worn) {rF- rC++ MR+ Stlth+}
   (You found it in the Dungeon)

   It makes you vulnerable to fire.
   It greatly protects you from cold.
   It affects your resistance to hostile enchantments.
   It makes you more stealthy.
 Z - a +1 pair of boots of flying (worn)
Magical staves
 N - an uncursed staff of energy
Rods
 F - a +4 iron rod (12/12)
   (You found it in the Dungeon)
 H - a +7 lightning rod (11/11)
   (You found it in the Dungeon)
Jewellery
 I - the amulet "Mogrerid" (around neck) {+Blink +Rage rPois rF++ MP-9}
   (You found it in the Dungeon)

   [amulet of rage]

   It greatly protects you from fire.
   It protects you from poison.
   It affects your magic capacity (-9).
   It lets you blink.
   It lets you go berserk.
 J - a +6 ring of strength (right hand)
 K - the ring of Roniuves (left hand) {rF- AC+2 Int+4 Dex+5 Stlth+}
   (You found it in the Dungeon)

   [ring of protection]

   It affects your AC (+2).
   It affects your intelligence (+4).
   It affects your dexterity (+5).
   It makes you vulnerable to fire.
   It makes you more stealthy.
 P - an uncursed ring of magical power
 T - an uncursed ring of ice
 X - an uncursed ring of protection from fire
 Y - an uncursed amulet of stasis
Magical devices
 y - a wand of disintegration (7)
 C - a wand of fire (4)
 D - a wand of cold (4)
 E - a wand of draining (5)
Scrolls
 k - 4 scrolls of blinking
 p - 4 scrolls of amnesia
 q - 3 scrolls of recharging
 r - 7 scrolls of fog
 s - a scroll of holy word
 t - 5 scrolls of identify
 u - 5 scrolls of remove curse
 v - 2 scrolls of fear
Potions
 d - 6 potions of might
 f - 10 potions of curing
 g - 7 potions of heal wounds
 h - 6 potions of haste
 i - 7 potions of magic
 j - 3 potions of berserk rage
 w - 2 potions of brilliance
 x - 2 potions of invisibility
 z - 4 potions of resistance
 A - a potion of experience
 B - 5 potions of agility
Books
 b - Borgnjor's Volume of Stolen Souls
   (You found it in the Dungeon)

   Spells                             Type                      Level
   a - Pain                           Necromancy                   1
   b - Sublimation of Blood           Necromancy                   2
   c - Vampiric Draining              Necromancy                   3
   d - Excruciating Wounds            Charms/Necromancy            5
   e - Bolt of Draining               Conjuration/Necromancy       5
Miscellaneous
 a - a plain deck of wonders {drawn: 1}
 c - a sack of spiders
 G - a fan of gales
 L - a disc of storms
 U - a phantom mirror
 V - a plain deck of escape
Comestibles
 e - 4 bread rations
 n - 41 fruits
 o - 4 meat rations


   Skills:
 + Level 13.5 Fighting
 * Level 18.1 Long Blades
 - Level 3.9 Polearms
 + Level 12.3 Armour
 + Level 14.2 Shields
 * Level 9.3 Invocations
 - Level 4.1 Evocations


You had 10 spell levels left.
You didn't know any spells.

Dungeon Overview and Level Annotations

Branches:
Dungeon (1/1)

Altars:
Ashenzari
Cheibriados
Dithmenos
Elyvilon
Fedhas
Gozag
Kikubaaqudgha
Makhleb
Nemelex Xobeh
Okawaru
Qazlal
Ru
Sif Muna
Trog
Vehumet
Xom
Yredelemnul
Zin
The Shining One
Beogh
Jiyva
Lugonu


Message History

You block the shadow's attack.
Unknown command.
You closely miss the necromancer.
The necromancer is severely wounded.
The quokka zombie is engulfed in roaring flames.
You destroy the quokka zombie!
Qazlal accepts your kill. You block the necromancer's attack.
You slash the necromancer!
You kill the necromancer!
Qazlal accepts your kill.
You hear some strange, mumbled words.
A bolt of negative energy appears from out of thin air!
The bolt of negative energy misses you.
The bolt of negative energy hits something.
The shadow strikes at you from the darkness!
You hear some strange, mumbled words.
A crystal spear appears from out of thin air!
The crystal spear hits you!
You die...

▓▓▓▓▓▓▓▓▓▓▓▓▓▓▓▓▓▓▓
▓...8©8...▓...8©8...▓
▓...)=.:..▓..)§..)=.▓
▓..=}.....▓...)}[...▓
▓.........▓..".†§...▓
▓.........▓.........▓
▓....§....▓.........▓
▓....§.)§.▓....)....▓
▓...§W@.§.▓...†)†)..▓
▓.▓..{{§▓.▓.........▓
▓...).§...▓▓▓▓▓▓▓▓▓▓▓
▓▓▓▓▓▓▓▓▓▓▓


You could see a shadow.

Vanquished Creatures
  A green draconian (D)
  A purple draconian (D)
  2 hell hogs (D)
  A deep elf knight (D)
  A vampire mage (D)
  A necromancer (D)
  4 draconians (D)
  2 toenail golems (D)
  4 merfolk (D)
  A slime creature (D)
  A vampire (D)
  3 spriggans (D)
  4 deep elf fighters (D)
  A golden eye (D)
  A deep elf mage (D)
  A hippogriff (D)
  3 fire elementals (D)
  2 wolves (D)
  2 necrophages (D)
  A wasp (D)
  4 black bears (D)
  A phantom (D)
  3 wights (D)
  5 jellies (D)
  An orc priest (D)
  A sheep (D)
  An ooze (D)
  2 orcs (D)
  A bat skeleton (D)
  A ball python zombie (D)
  A giant gecko skeleton (D)
  A quokka zombie (D)
  2 fungi (D)
61 creatures vanquished.

Vanquished Creatures (others)
  2 spatial maelstroms (D)
2 creatures vanquished.

Grand Total: 63 creatures vanquished

Notes
Turn   | Place    | Note
--------------------------------------------------------------
     0 | D        | pulse the Hill Orc Fighter began the quest for the Orb.
     0 | D        | Reached XP level 1. HP: 19/19 MP: 1/1
     0 | D        | Found an iron altar of Okawaru.
     0 | D        | Found a burning altar of Makhleb.
     0 | D        | Found a radiant altar of Vehumet.
     0 | D        | Found a deep blue altar of Sif Muna.
     0 | D        | Found a shimmering altar of Xom.
     8 | D        | Banished a spatial maelstrom
    10 | D        | Banished a spatial maelstrom
    16 | D        | Found a corrupted altar of Lugonu.
    16 | D        | Found a white marble altar of Elyvilon.
    16 | D        | Found a roughly hewn altar of Beogh.
    16 | D        | Found a sparkling altar of Nemelex Xobeh.
    16 | D        | Found a viscous altar of Jiyva.
    16 | D        | Found a bloodstained altar of Trog.
    95 | D        | Became a worshipper of Qazlal Stormbringer
   120 | D        | Entered arena 1.
   120 | D        | Noticed a toenail golem
   120 | D        | Noticed a toenail golem
   130 | D        | Killed a toenail golem
   130 | D        | Reached skill level 9 in Fighting
   130 | D        | Reached XP level 2. HP: 3/38 MP: 2/2
   130 | D        | Reached XP level 3. HP: 3/45 MP: 3/3
   130 | D        | Reached XP level 4. HP: 3/51 MP: 4/4
   130 | D        | Reached XP level 5. HP: 3/58 MP: 5/5
   130 | D        | Reached XP level 6. HP: 3/66 MP: 6/6
   138 | D        | Killed a toenail golem
   138 | D        | Reached skill level 11 in Fighting
   138 | D        | Reached skill level 5 in Long Blades
   138 | D        | Reached XP level 7. HP: 29/74 MP: 7/7
   448 | D        | Entered arena 2.
   448 | D        | Noticed an orc priest
   456 | D        | Killed an orc priest
   456 | D        | Acquired Qazlal's first power
   468 | D        | Identified Borgnjor's Volume of Stolen Souls (You found it in the Dungeon)
   521 | D        | Entered arena 3.
   521 | D        | Noticed a jelly
   521 | D        | Noticed a slime creature
   521 | D        | Noticed a jelly
   524 | D        | Killed a jelly
   530 | D        | Killed a slime creature
   530 | D        | Reached skill level 1 in Evocations
   530 | D        | Reached XP level 8. HP: 59/82 MP: 8/8
   533 | D        | Killed a jelly
   533 | D        | Acquired Qazlal's second power
   656 | D        | Entered arena 4.
   656 | D        | Noticed a jelly
   656 | D        | Noticed a jelly
   656 | D        | Noticed a jelly
   656 | D        | Noticed a golden eye
   660 | D        | Killed a jelly
   661 | D        | Killed a golden eye
   661 | D        | Reached skill level 10 in Long Blades
   668 | D        | Killed a jelly
   673 | D        | Killed a jelly
   673 | D        | Acquired Qazlal's third power
   737 | D        | Entered arena 5.
   737 | D        | Noticed a fire elemental
   737 | D        | Noticed a hell hog
   737 | D        | Noticed a hell hog
   737 | D        | Noticed a fire elemental
   737 | D        | Noticed a fire elemental
   750 | D        | Killed a hell hog
   750 | D        | Reached skill level 13 in Long Blades
   750 | D        | Reached XP level 9. HP: 71/89 MP: 10/10
   759 | D        | Killed a fire elemental
   765 | D        | Killed a fire elemental
   768 | D        | Killed a hell hog
   768 | D        | Reached skill level 14 in Long Blades
   769 | D        | Killed a fire elemental
  1138 | D        | Entered arena 6.
  1138 | D        | Noticed a merfolk
  1138 | D        | Noticed a merfolk
  1138 | D        | Noticed a merfolk
  1138 | D        | Noticed a merfolk
  1138 | D        | Noticed a hippogriff
  1146 | D        | Killed a hippogriff
  1146 | D        | Reached skill level 15 in Long Blades
  1148 | D        | Acquired Qazlal's fourth power
  1160 | D        | Killed a merfolk
  1162 | D        | Killed a merfolk
  1162 | D        | Reached skill level 16 in Long Blades
  1169 | D        | Killed a merfolk
  1173 | D        | Killed a merfolk
  1173 | D        | Reached XP level 10. HP: 14/96 MP: 11/13
  1491 | D        | Got the +6 ice dragon armour "Boedamec" {rF- rC++ MR+ Stlth+}
  1527 | D        | Entered arena 7.
  1527 | D        | Noticed a draconian
  1527 | D        | Noticed a green draconian
  1527 | D        | Noticed a purple draconian
  1527 | D        | Noticed a draconian
  1527 | D        | Noticed a draconian
  1527 | D        | Noticed a draconian
  1533 | D        | Killed a draconian
  1533 | D        | Reached skill level 10 in Armour
  1533 | D        | Reached skill level 10 in Shields
  1539 | D        | Killed a draconian
  1539 | D        | Acquired Qazlal's fifth power
  1542 | D        | Killed a draconian
  1542 | D        | Reached skill level 17 in Long Blades
  1560 | D        | Killed a green draconian
  1560 | D        | Reached skill level 5 in Invocations
  1563 | D        | Killed a purple draconian
  1571 | D        | Killed a draconian
  1867 | D        | Entered arena 8.
  1867 | D        | Noticed a necrophage
  1867 | D        | Noticed a wight
  1867 | D        | Noticed a phantom
  1867 | D        | Noticed a necrophage
  1871 | D        | Killed a wight
  1871 | D        | Reached XP level 11. HP: 105/105 MP: 15/15
  1880 | D        | Killed a necrophage
  1882 | D        | Killed a necrophage
  1887 | D        | Killed a phantom
  1913 | D        | Got the ring of Roniuves {rF- AC+2 Int+4 Dex+5 Stlth+}
  1931 | D        | Got the +10 falchion "Yfra" {speed, Str+4}
  1938 | D        | Entered arena 9.
  1938 | D        | Noticed a deep elf fighter
  1938 | D        | Noticed a deep elf fighter
  1938 | D        | Noticed a deep elf fighter
  1938 | D        | Noticed a deep elf knight
  1938 | D        | Noticed a deep elf mage
  1938 | D        | Noticed a deep elf fighter
  1939 | D        | Killed a deep elf mage
  1944 | D        | Killed a deep elf fighter
  1945 | D        | Killed a deep elf fighter
  1947 | D        | Killed a deep elf fighter
  1948 | D        | Killed a deep elf knight
  1950 | D        | Killed a deep elf fighter
  1987 | D        | Entered arena 10.
  1987 | D        | Noticed a black bear
  1987 | D        | Noticed a black bear
  1987 | D        | Noticed a wolf
  1987 | D        | Noticed a spriggan
  1987 | D        | Noticed a spriggan rider
  1987 | D        | Noticed a wolf
  1987 | D        | Noticed a spriggan
  1987 | D        | Noticed a black bear
  1987 | D        | Noticed a black bear
  1988 | D        | Killed a black bear
  1988 | D        | Killed a black bear
  1992 | D        | Killed a wolf
  1996 | D        | Killed a wolf
  2003 | D        | Killed a spriggan
  2003 | D        | Killed a spriggan
  2005 | D        | Killed a black bear
  2007 | D        | Killed a wasp
  2008 | D        | Killed a spriggan
  2011 | D        | Killed a black bear
  2034 | D        | Got the amulet of the Morning {Faith rPois Str+7}
  2037 | D        | Got the amulet "Mogrerid" {+Blink +Rage rPois rF++ MP-9}
  2051 | D        | Entered arena 11.
  2051 | D        | Noticed a vampire mage
  2051 | D        | Noticed a vampire mage
  2051 | D        | Noticed a shadow
  2051 | D        | Noticed a wight
  2051 | D        | Noticed a necromancer
  2051 | D        | Noticed a wight
  2052 | D        | Noticed a shadow
  2052 | D        | Noticed an ancient lich
  2053 | D        | Noticed a vampire
  2053 | D        | Killed a wight
  2061 | D        | Killed a vampire mage
  2061 | D        | Reached skill level 18 in Long Blades
  2062 | D        | Killed a wight
  2065 | D        | Killed a vampire
  2073 | D        | Killed a necromancer
  2073 | D        | Killed from afar by an ancient lich

Vault maps used:
D:        sprint_v

Action                   |  1- 3 |  4- 6 |  7- 9 | 10-12 || total
-------------------------+-------+-------+-------+-------++-------
Melee: Lance             |     9 |     7 |    83 |    52 ||   151
       Falchion          |       |       |       |    50 ||    50
Invok: Upheaval          |       |       |       |     3 ||     3
Evoke: Wand              |     1 |       |     1 |       ||     2
       Deck              |       |       |       |     1 ||     1
       Disc of storms    |       |       |       |     1 ||     1
  Use: Potion            |       |     1 |     1 |     1 ||     3
  Eat: Fruit             |       |       |     1 |       ||     1
       Bread ration      |       |       |       |     1 ||     1
